 Dungeon Crawl Stone Soup version 0.19-a0-805-g0a78ef0 (webtiles) character file.

856 4thArraOfDagon the Insei (level 7, -1/52 HPs)
             Began as a Demonspawn Arcane Marksman on June 27, 2016.
             Was an Initiate of Uskayaw.
             Slain by Joseph
             ... wielding a +0 quarterstaff
              (10 damage)
             ... on level 7 of the Dungeon.
             The game lasted 00:09:31 (1943 turns).

4thArraOfDagon the Insei (DsAM)                     Turns: 1943, Time: 00:09:31

Health: -1/52      AC:  0    Str: 11    XL:     7   Next: 70%
Magic:  0/10       EV: 19    Int: 16    God:    Uskayaw [......]
Gold:   117        SH:  0    Dex: 13    Spells: 1 memorised, 7 levels left

rFire  . . .     SeeInvis .       - Unarmed
rCold  . . .     Gourm    .     (armour currently unavailable)
rNeg   . . .     Faith    .     (shield currently unavailable)
rPois  .         Spirit   +     (helmet currently unavailable)
rElec  .         Dismiss  .     (cloak currently unavailable)
rCorr  .         Reflect  .     (gloves currently unavailable)
SustAt .         Harm     .     (boots currently unavailable)
MR     .....                    (amulet currently unavailable)
Stlth  +.........               (ring currently unavailable)
                                (ring currently unavailable)

@: porcupine-form, quick, not resistant to hostile enchantments, very unstealthy
A: (horns 0), powered by death 2, magic shield
a: Renounce Religion


You were on level 7 of the Dungeon.
You worshipped Uskayaw.
Uskayaw was noncommittal.
You were not hungry.
You were a spiny porcupine.
You visited 2 branches of the dungeon, and saw 8 of its levels.

You collected 117 gold pieces.

Inventory:

Hand Weapons
 a - a +0 hand crossbow
Missiles
 d - 24 bolts
Armour
 e - a +0 robe
 l - a +1 pair of gloves (melded)
 m - a +0 chain mail (melded)
Jewellery
 o - a cursed +3 amulet of reflection (melded)
Wands
 g - a wand of polymorph (5/24)
 p - a wand of confusion (16/48)
Scrolls
 b - a scroll of amnesia {unknown}
 k - 2 scrolls of remove curse
 q - a scroll of fear {unknown}
Books
 c - a book of Debilitation

   Spells                             Type                      Level
   a - Corona                         Hexes                        1
   b - Slow                           Hexes                        2
   c - Gell's Gravitas                Hexes/Translocation          3
   d - Inner Flame                    Hexes/Fire                   3
   e - Cause Fear                     Hexes                        4
   f - Leda's Liquefaction            Hexes/Earth                  4
Comestibles
 f - a bread ration
 h - 2 beef jerkies
 i - a royal jelly
 j - 6 chunks of flesh


   Skills:
 - Level 3.3 Fighting
 - Level 1.7 Crossbows
 + Level 2.4 Dodging
 * Level 6.0 Unarmed Combat
 - Level 1.0 Spellcasting
 - Level 3.0 Hexes
 + Level 5.0 Invocations


You had 7 spell levels left.
You knew the following spells:

 Your Spells              Type           Power        Failure   Level  Hunger
a - Corona                Hex            ##.....      10%         1    ##.....


Dungeon Overview and Level Annotations

Branches:
Dungeon (7/15)             Temple (1/1) D:4

Altars:
Cheibriados
Fedhas
Gozag
Hepliaklqana
Makhleb
Nemelex Xobeh
Okawaru
Pakellas
Qazlal
Uskayaw
Yredelemnul
The Shining One

Annotations:
D:3 1 runed door, Robin
D:5 4thArraOfDagon's ghost, amateur OpEn
D:6 Eustachio
D:7 Joseph


Innate Abilities, Weirdness & Mutations

((You have a pair of small horns on your head.))
You regenerate health from kills.
When hurt, damage is shared between your health and your magic reserves.


Message History

Joseph misses you.
Unknown command.
You hit Joseph.
Joseph is lightly wounded.
Joseph hits you with an uncursed quarterstaff.
Unknown command.
You completely miss Joseph.
Joseph is lightly wounded.
Joseph hits you with an uncursed quarterstaff!
* * * LOW HITPOINT WARNING * * *
Unknown command.
Unknown command.
Unknown command.
You aren't carrying any potions.
As you read the scroll labeled LICVIX JEUKIM, it crumbles to dust.
It is a scroll of enchant armour.
Enchant which item? (? for menu, Esc to quit)
Your +0 pair of gloves glows green for a moment.
Joseph hits you with an uncursed quarterstaff!
You die...

#.# #(#.# ##..#
#[####.#.####...#
#.##.............
#.#......###.####
#.#......# #.# #
###.#......#...#...
#............###.##
###@##.#....#........
#...r..#....######.#.
##..#####....######.##
##...# #....#.......#
#...## ###..#.......#
#..<# #..#........
#.(.# ####..#.......#
#...# ##.......#######
#...# ##.........##
#...# #...........#


You could see Joseph.

Vanquished Creatures
  Sigmund (D:4)
  An ice beast (D:5)
  An ogre (D:7)
  A centaur (D:7)
  A giant frog (D:6)
  A crimson imp (D:6)
  2 hounds (D:6)
  A giant frog skeleton (D:5)
  Terence (D:3)
  3 orc wizards
  2 worker ants
  A howler monkey skeleton (D:7)
  4 adders
  3 worms (D:3)
  2 giant geckos
  12 orcs
  2 bats
  A giant cockroach (D:1)
  2 goblins (D:3)
  3 hobgoblins
  3 kobolds
  A ball python (D:3)
  A giant gecko skeleton (D:4)
  A giant newt (D:2)
  A jackal skeleton (D:4)
  A quokka zombie (D:6)
53 creatures vanquished.

Notes
Turn   | Place    | Note
--------------------------------------------------------------
     0 | D:1      | 4thArraOfDagon the Demonspawn Arcane Marksman began the quest for the Orb.
     0 | D:1      | Reached XP level 1. HP: 15/15 MP: 2/2
   121 | D:2      | Gained mutation: You have a pair of small horns on your head. [demonic ancestry]
   121 | D:2      | Reached XP level 2. HP: 16/22 MP: 3/3
   242 | D:1      | Gained mutation: You regenerate a little health from kills. [demonic ancestry]
   242 | D:1      | Reached XP level 3. HP: 17/29 MP: 4/4
   367 | D:3      | Found a glowing golden altar of the Shining One.
   367 | D:3      | Found a runed door.
   367 | D:3      | Noticed an angel
   373 | D:3      | Noticed Robin
   567 | D:3      | Reached skill level 1 in Unarmed Combat
   567 | D:3      | Gained mutation: When hurt, damage is shared between your health and your magic reserves. [demonic ancestry]
   567 | D:3      | Reached XP level 4. HP: 26/35 MP: 5/5
   587 | D:3      | Noticed Terence
   596 | D:3      | Killed Terence
   596 | D:3      | Reached skill level 2 in Unarmed Combat
   804 | D:4      | Reached XP level 5. HP: 25/41 MP: 6/6
   824 | D:4      | Reached skill level 3 in Unarmed Combat
   900 | D:4      | Found a staircase to the Ecumenical Temple.
   920 | Temple   | Entered the Ecumenical Temple
   925 | Temple   | Became a worshipper of Uskayaw the Reveler
   970 | D:5      | Entered Level 5 of the Dungeon
   985 | D:5      | Noticed an ice beast
  1031 | D:4      | Reached * piety under Uskayaw
  1135 | D:5      | Noticed 4thArraOfDagon's ghost (amateur OpEn)
  1148 | D:6      | Reached skill level 1 in Invocations
  1164 | D:6      | Reached ** piety under Uskayaw
  1181 | D:6      | Reached skill level 4 in Unarmed Combat
  1181 | D:6      | Gained mutation: You regenerate health from kills. [demonic ancestry]
  1181 | D:6      | Reached XP level 6. HP: 29/47 MP: 5/7
  1194 | D:6      | Noticed Eustachio
  1325 | D:4      | Noticed Sigmund
  1346 | D:4      | Killed Sigmund
  1421 | D:3      | Noticed an ice beast
  1513 | D:5      | Killed an ice beast
  1513 | D:5      | Reached skill level 5 in Unarmed Combat
  1513 | D:5      | Reached XP level 7. HP: 37/52 MP: 6/9
  1782 | D:6      | Found a basalt altar of Yredelemnul.
  1892 | D:7      | Reached skill level 6 in Unarmed Combat
  1892 | D:7      | Reached skill level 5 in Invocations
  1919 | D:7      | Noticed Joseph
  1943 | D:7      | Slain by Joseph

Vault maps used:
D:1:      minmay_arrival_stair_chambers
D:2:      serial_co_window_serial, co_window_paths_b, co_window_paths_a,
          co_window_paths_a, co_window_of_opportunity_a,
          co_window_of_opportunity_a, co_window_cross_3, co_window_corner_b,
          co_window_broadway_a, co_window_corner_ca, co_window_broadway_c,
          co_window_paths_d, glass_columns_c, glass_columns_a,
          minmay_stone_trees_small
D:3:      lemuel_angel_altar, uniq_terence, uniq_robin
D:4:      uniq_sigmund
D:5:      lemuel_insect_pit, first_bread
D:6:      yredelemnul_altar_generic, uniq_grinder, uniq_eustachio
D:7:      uniq_joseph
Temple:   compressed_dpeg_triangle_lava_temple

Skill      XL: |  1  2  3  4  5  6  7 |
---------------+----------------------+-----
Fighting       | 2 3 |  3.3
Unarmed Combat | 1 2 4 5 6 |  6.0
Invocations    | 2 3 5 |  5.0
Dodging        | 2 |  2.4
Crossbows      | |  1.7
Spellcasting   | |  1.0
Hexes          | |  3.0

Action                   |  1- 3 |  4- 6 |  7- 9 || total
-------------------------+-------+-------+-------++-------
Melee: Unarmed           |    14 |   105 |    89 ||   208
       Headbutt          |       |    14 |    17 ||    31
       Punch             |       |     1 |     1 ||     2
 Fire: Hand crossbow     |    55 |       |       ||    55
Invok: Stomp             |       |       |     1 ||     1
Evoke: Wand              |       |       |     2 ||     2
  Use: Potion            |     2 |     2 |       ||     4
       Scroll            |       |     2 |     2 ||     4
  Eat: Chunk             |       |     1 |     3 ||     4
Armor: Robe              |     4 |       |       ||     4
       Skin              |    11 |       |       ||    11
       Chain mail        |       |    37 |    29 ||    66
Dodge: Dodged            |    10 |    36 |    22 ||    68
Block: Other             |       |     5 |     7 ||    12
